 Dungeon Crawl Stone Soup version 0.25.1-8-g42b30a86e7 (webtiles) character file.

Game seed: 401226029483660974

173 Destapler the Grasshopper (level 5, 0/57 HPs)
             Began as a Human Warper on Dec 11, 2020.
             Succumbed to Crazy Yiuf's poison
             ... on level 3 of the Dungeon.
             The game lasted 00:15:26 (4485 turns).

Destapler the Grasshopper (Human Warper)            Turns: 4485, Time: 00:15:26

Health: 0/57       AC:  4    Str: 12    XL:     5   Next: 83%
Magic:  1/9        EV: 12    Int: 14    God:
Gold:   182        SH:  0    Dex: 12    Spells: 5/10 levels left

rFire    + . .     SeeInvis .   e - +0 battleaxe
rCold    . . .     Gourm    .   (shield currently unavailable)
rNeg     . . .     Faith    .   o - +0 leather armour (curse)
rPois    .         Spirit   .   (helmet restricted)
rElec    .         Reflect  .   (no cloak)
rCorr    .         Harm     .   (no gloves)
MR       +....                  (no boots)
Stlth    ..........             (no amulet)
HPRegen  0.19/turn              m - ring of protection from fire
MPRegen  0.11/turn              (no ring)

@: berserking, lethally poisoned (0 -> -1), very quick
A: horns 1, magic resistance 1, shaggy fur 1
a: no special abilities


You were on level 3 of the Dungeon.
You were very hungry.

You visited 1 branch of the dungeon, and saw 3 of its levels.

You collected 182 gold pieces.

Inventory:

Hand Weapons
 a - a +0 mace
 e - a +0 battleaxe (weapon)
Armour
 b - a +0 leather armour
 o - a cursed +0 leather armour (worn)
Jewellery
 m - a ring of protection from fire (left hand)
 n - an uncursed ring of protection from fire
Wands
 s - a wand of random effects (7)
Scrolls
 d - a scroll of blinking
 g - a scroll of random uselessness {unknown}
 h - 2 scrolls of enchant weapon {unknown}
 i - a scroll of teleportation {unknown}
 j - a scroll of immolation {unknown}
 k - 3 scrolls of remove curse {unknown}
 l - a scroll of fog {unknown}
 q - a scroll of fear {unknown}
 r - a scroll of amnesia {unknown}
 t - 4 scrolls of identify {unknown}
Potions
 c - 2 potions of flight {unknown}
 p - a potion of ambrosia
 v - a potion of mutation
Comestibles
 f - 5 rations


   Skills:
 - Level 2.0 Fighting
 + Level 1.7(2.2) Axes
 - Level 2.0(2.3) Maces & Flails
 - Level 1.0 Throwing
 - Level 1.0 Armour
 - Level 2.0 Dodging
 - Level 2.0 Stealth
 - Level 3.0 Spellcasting
 * Level 4.6 Translocations


You had 5 spell levels left.
You knew the following spells:

 Your Spells              Type           Power        Failure   Level  Hunger
g - Gell's Gravitas       Tloc           ###.......   12%         3    ###....
B - Blink                 Tloc           N/A          6%          2    ##.....

Your spell library contained the following spells:

 Spells                   Type           Power        Failure   Level  Hunger
 Lesser Beckoning         Tloc           ###.......   12%         3    ###....
 Teleport Other           Tloc           ###.....     12%         3    ###....
 Shroud of Golubria       Chrm/Tloc      #.....       16%         2    ##.....
 Passage of Golubria      Tloc           N/A          38%         4    #####..


Dungeon Overview and Level Annotations

Branches:
Dungeon (3/15)

Altars:
Fedhas
Vehumet
Xom


Innate Abilities, Weirdness & Mutations

You have a pair of small horns on your head.
You are resistant to hostile enchantments. (MR+)
You are covered in fur. (AC +1)


Message History

You hit Crazy Yiuf but do no damage. Your headbutt misses Crazy Yiuf.
Crazy Yiuf is lightly wounded.
You feel sick.
Crazy Yiuf hits you with a +3 quarterstaff of chaos.
* * * LOW HITPOINT WARNING * * *
A red film seems to cover your vision as you go berserk!
You feel yourself moving faster!
You feel mighty!
You closely miss Crazy Yiuf.
Crazy Yiuf is lightly wounded.
Crazy Yiuf says, "Whiteboard ladder King!"
Crazy Yiuf hits you with a +3 quarterstaff of chaos.
* * * LOW HITPOINT WARNING * * *
Space warps horribly around you!
* * * LOW HITPOINT WARNING * * *
You hit Crazy Yiuf. You headbutt Crazy Yiuf!
You kill Crazy Yiuf!
You are too berserk!
You are too berserk!
You feel a strong urge to attack something.
You die...

#........# #.
#........######.
#.........##....
#########.).....
####.... ♣♣♣♣♣##
##.... ###
♣♣♣.♣...####.....
#...#♣).♣.♣P...##.....
#...'@♣♣♣♣PP.........#
#)..#♣♣ ♣♣P.#........
### ♣♣##.......#
#...##### #####


There were no monsters in sight!

Vanquished Creatures
  Crazy Yiuf (D:3)
  3 adders
  3 gnolls (D:3)
  An ooze (D:3)
  A worm (D:2)
  2 leopard geckos
  6 orcs (D:3)
  4 giant cockroaches
  15 goblins
  5 hobgoblins
  3 jackals
  2 quokkas
  12 bats
  3 frilled lizards
  4 kobolds
  11 rats
  A fungus (D:3)
77 creatures vanquished.

Vanquished Creatures (others)
  A gnoll (D:3)
  A hobgoblin (D:3)
  2 jackals (D:3)
  A bat (D:3)
5 creatures vanquished.

Grand Total: 82 creatures vanquished

Notes
Turn   | Place    | Note
-------+----------+-------------------------------------------
     0 | D:1      | Destapler the Human Warper began the quest for the Orb.
     0 | D:1      | Reached XP level 1. HP: 16/16 MP: 3/3
   448 | D:1      | Reached XP level 2. HP: 20/22 MP: 3/5
   523 | D:1      | Learned a level 2 spell: Blink
  1282 | D:1      | Reached XP level 3. HP: 21/27 MP: 7/7
  1543 | D:2      | Found a blossoming altar of Fedhas.
  1600 | D:2      | Gained mutation: You are resistant to hostile enchantments.
                  | (MR+) [potion of mutation]
  1600 | D:2      | Gained mutation: You have a pair of small horns on your
                  | head. [potion of mutation]
  1600 | D:2      | Gained mutation: You are covered in fur. (AC +1) [potion of
                  | mutation]
  1879 | D:1      | Reached skill level 1 in Stealth
  2377 | D:3      | Reached XP level 4. HP: 20/33 MP: 8/8
  2478 | D:3      | Learned a level 3 spell: Gell's Gravitas
  2989 | D:3      | Found a radiant altar of Vehumet.
  3008 | D:3      | Reached skill level 4 in Translocations
  3175 | D:3      | Reached skill level 1 in Axes
  3175 | D:3      | Reached XP level 5. HP: 33/38 MP: 9/9
  4347 | D:3      | Found a shimmering altar of Xom.
  4465 | D:3      | Found a runed translucent door.
  4466 | D:3      | Noticed Crazy Yiuf
  4482 | D:3      | HP: 1/57 [Crazy Yiuf/+3 quarterstaff of chaos (12)]
  4483 | D:3      | Killed Crazy Yiuf
  4485 | D:3      | Succumbed to Crazy Yiuf's poison

Illustrated notes

Levels and vault maps discovered:
D:1:      mrwooster_arrival_statue, layout_basic
D:2:      layout_basic, lemuel_crystal_altar
D:3:      layout_rooms, marbit_many_paths, fiery_altar_vehumet,
          uniq_crazy_yiuf_cottage

Skill      XL: |  1  2  3  4  5 |
---------------+----------------+-----
Stealth        | 1 2 |  2.0
Spellcasting   | 3 |  3.0
Translocations | 4 |  4.6
Axes           | 1 |  1.7
Fighting       | |  2.0
Maces & Flails | |  2.0
Throwing       | |  1.0
Armour         | |  1.0
Dodging        | |  2.0

Action                   |  1- 3 |  4- 6 || total
-------------------------+-------+-------++-------
Melee: Mace              |   126 |       ||   126
       Headbutt          |     6 |    14 ||    20
       Battleaxe         |     5 |   134 ||   139
Throw: Boomerang         |     5 |       ||     5
 Cast: Blink             |     9 |     2 ||    11
  Use: Potion            |     3 |     2 ||     5
 Stab: Sleeping          |     1 |     2 ||     3
  Eat: Chunk             |     5 |     6 ||    11
Armor: Leather armour    |    54 |    43 ||    97
Dodge: Dodged            |   143 |   126 ||   269
